 Dungeon Crawl Stone Soup version 0.20.1-1-g8b1a95d (webtiles) character file.

81 Internecine the Chopper (level 4, -7/37 HPs)
             Began as a Hill Orc Skald on Oct 2, 2017.
             Mangled by Sigmund
             ... wielding a +0 scythe
              (12 damage)
             ... on level 2 of the Dungeon.
             The game lasted 00:15:15 (2522 turns).

Internecine the Chopper (Hill Orc Skald)            Turns: 2522, Time: 00:15:16

Health: -7/37      AC:  4    Str: 13    XL:     4   Next: 40%
Magic:  6/6        EV: 12    Int: 13    God:
Gold:   104        SH:  0    Dex: 11    Spells: 5/6 levels left

rFire    . . .     SeeInvis .   g - +1 short sword (freeze)
rCold    . . .     Gourm    .   (no shield)
rNeg     . . .     Faith    .   b - +0 leather armour
rPois    .         Spirit   .   (no helmet)
rElec    .         Reflect  .   o - +0 cloak
rCorr    .         Harm     .   (no gloves)
MR       .....                  (no boots)
Stlth    +.........             (no amulet)
Regen    0.2/turn               (no ring)
MPRegen  0.1/turn               (no ring)

@: starving
A: no striking features
a: no special abilities


You were on level 2 of the Dungeon.
You were starving.

You visited 1 branch of the dungeon, and saw 2 of its levels.

You collected 104 gold pieces.

Inventory:

Hand Weapons
 a - a +0 hand axe
 g - a +1 short sword of freezing (weapon)
 t - a +0 dagger
 u - a +0 hunting sling
 x - a +0 club
 y - a +0 hunting sling
 z - a +0 hunting sling
Missiles
 f - 19 sling bullets
 h - 29 arrows
 l - 163 stones (quivered)
 n - 13 poisoned needles
 A - 10 bolts
Armour
 b - a +0 leather armour (worn)
 m - a +0 plate armour
 o - a +0 cloak (worn)
 v - a +0 animal skin
 w - a +0 helmet
Scrolls
 j - a scroll of recharging {unknown}
 p - a scroll of fear {unknown}
 q - a scroll of identify {unknown}
 r - a scroll of teleportation {unknown}
 s - a scroll of amnesia {unknown}
Potions
 e - a potion of mutation {unknown}
 k - 2 potions of haste {unknown}
Books
 c - a book of Battle

   Spells                             Type                      Level
   a - Infusion                       Charms                       1
   b - Shroud of Golubria             Charms/Translocation         2
   c - Song of Slaying                Charms                       2
   d - Spectral Weapon                Hexes/Charms                 3
   e - Regeneration                   Charms/Necromancy            3
Comestibles
 d - 3 bread rations
 i - a royal jelly


   Skills:
 + Level 2.7 Fighting
 + Level 1.3 Short Blades
 + Level 3.0 Axes
 + Level 0.5 Throwing
 + Level 2.1 Armour
 + Level 2.1 Dodging
 + Level 0.1 Stealth
 + Level 1.8 Spellcasting
 + Level 2.9 Charms


You had 5 spell levels left.
You knew the following spells:

 Your Spells              Type           Power        Failure   Level  Hunger
a - Infusion              Chrm           #...         10%         1    ##.....


Dungeon Overview and Level Annotations

Branches:
Dungeon (2/15)

Altars:

Annotations:
D:2 Sigmund


Message History

You hit Sigmund but do no damage.
Sigmund is moderately wounded.
You barely miss Sigmund.
Sigmund is moderately wounded.
Sigmund zaps a wand.
The puff of flame hits you!
It is a wand of flame (?/48).
You barely miss Sigmund.
Sigmund is lightly wounded.
Sigmund closely misses you.
You hit Sigmund. You freeze Sigmund.
Sigmund is moderately wounded.
Sigmund zaps a wand.
The puff of flame hits you!
* * * LOW HITPOINT WARNING * * *
You hit Sigmund. You freeze Sigmund.
Sigmund is moderately wounded.
Sigmund misses you.
You hit Sigmund. You freeze Sigmund.
Sigmund is heavily wounded.
Sigmund whispers, "You'll know eternity soon."
Sigmund hits you with a scythe!
You die...

......)##.......#
.......'.######.#
.......##### #.#
...........# #.#
...........# #.#
..###......####.#
..###.........#.#
.)).รท.....>...#.###+###
..########......@@....#
..# #............# ..#
#...........(# ..#
#............# ###
#............#
#.....)......#
#$...!.......#
#.........####


You could see Sigmund.

Vanquished Creatures
  Robin (D:2)
  2 adders (D:2)
  A worm (D:2)
  A ball python (D:2)
  4 giant cockroaches
  11 goblins
  8 hobgoblins
  5 kobolds
  A quokka (D:2)
  4 bats
  2 frilled lizards (D:2)
  4 rats
44 creatures vanquished.

Notes
Turn   | Place    | Note
-------+----------+-------------------------------------------
     0 | D:1      | Internecine the Hill Orc Skald began the quest for the Orb.
     0 | D:1      | Reached XP level 1. HP: 18/18 MP: 3/3
   635 | D:1      | Reached XP level 2. HP: 24/25 MP: 4/4
  1558 | D:2      | Reached XP level 3. HP: 25/30 MP: 5/5
  1577 | D:2      | Reached skill level 3 in Axes
  2000 | D:2      | Reached skill level 1 in Short Blades
  2061 | D:2      | Noticed Robin
  2087 | D:2      | Reached XP level 4. HP: 13/37 MP: 6/6
  2102 | D:2      | Killed Robin
  2510 | D:2      | Noticed Sigmund
  2522 | D:2      | Mangled by Sigmund

Skill      XL: |  1  2  3 |
---------------+----------+-----
Axes           | 3 |  3.0
Dodging        | 2 |  2.1
Short Blades   | 1 |  1.3
Armour         | 2 |  2.1
Fighting       | |  2.7
Throwing       | |  0.5
Stealth        | |  0.1
Spellcasting   | |  1.8
Charms         | |  2.9

Action                   |  1- 3 |  4- 6 || total
-------------------------+-------+-------++-------
Melee: Hand axe          |    22 |       ||    22
       Short sword       |    87 |    32 ||   119
Throw: Stone             |    39 |     9 ||    48
  Eat: Chunk             |     3 |       ||     3
Armor: Leather armour    |    46 |     6 ||    52
Dodge: Dodged            |    74 |    19 ||    93
